 Dungeon Crawl Stone Soup version 0.23.1 (webtiles) character file.

Game seed: 839525044966569937

415 Peloso the Skirmisher (level 6, -1/56 HPs)
             Began as a Minotaur Fighter on Mar 14, 2019.
             Killed from afar by an orc wizard (11 damage)
             ... with a puff of flame
             ... on level 4 of the Dungeon.
             The game lasted 00:06:40 (2960 turns).

Peloso the Skirmisher (Minotaur Fighter)            Turns: 2960, Time: 00:06:41

Health: -1/56      AC:  7    Str: 21    XL:     6   Next: 60%
Magic:  5/5        EV:  8    Int:  5    God:
Gold:   148        SH: 10    Dex: 11    Spells: 5/5 levels left

rFire    . . .     SeeInvis .   a - +0 long sword
rCold    . . .     Gourm    .   c - +0 shield
rNeg     . . .     Faith    .   b - +0 scale mail
rPois    .         Spirit   .   (helmet restricted)
rElec    .         Reflect  .   (no cloak)
rCorr    .         Harm     .   (no gloves)
MR       .....                  (no boots)
Stlth    ..........             j - amulet of the acrobat
HPRegen  0.18/turn              (no ring)
MPRegen  0.09/turn              (no ring)

@: flying
A: retaliatory headbutt, horns 2
a: no special abilities


You were on level 4 of the Dungeon.
You were very hungry.

You visited 1 branch of the dungeon, and saw 4 of its levels.

You collected 148 gold pieces.

Inventory:

Hand Weapons
 a - a +0 long sword (weapon)
Armour
 b - a +0 scale mail (worn)
 c - a +0 shield (worn)
Jewellery
 j - an amulet of the acrobat (around neck)
Scrolls
 e - 2 scrolls of identify {unknown}
 g - a scroll of immolation {unknown}
 h - 2 scrolls of teleportation {unknown}
 i - a scroll of enchant armour {unknown}
 k - a scroll of enchant weapon {unknown}
 m - a scroll of remove curse {unknown}
 n - 5 scrolls of amnesia {unknown}
 o - a scroll of noise {unknown}
Potions
 d - 2 potions of might
 q - a potion of magic
 r - a potion of haste {unknown}
 s - a potion of lignification {unknown}
 t - a potion of flight
Comestibles
 f - 9 rations


   Skills:
 + Level 5.4 Fighting
 + Level 4.9 Long Blades
 + Level 4.7 Armour
 + Level 1.8 Dodging
 + Level 1.3 Stealth
 + Level 5.0 Shields


You had 5 spell levels left.
You didn't know any spells.
Your spell library was empty.

Dungeon Overview and Level Annotations

Branches:
Dungeon (4/15)
 Temple: D:4-7

Altars:
Dithmenos
Fedhas
Hepliaklqana
Uskayaw


Innate Abilities, Weirdness & Mutations

You reflexively headbutt those who attack you in melee.
You have a pair of horns on your head.


Message History

You block something's attack.
You see here a +0 flail.
It was a potion of mutation.
You feel extremely strange.
You feel clumsy.
You feel agile. Something hits you but does no damage.
It was a potion of curing.
You feel better.
You slash the orc!
You kill the orc!
You are feeling very hungry.
You hear some strange, mumbled words.
A magic dart appears from out of thin air!
The magic dart hits you.
* * * LOW HITPOINT WARNING * * *
You block something's attack.
Your shield and scale mail prevent you from hitting something.
Your headbutt misses something.
You hear some strange, mumbled words.
A puff of flame appears from out of thin air!
The puff of flame hits you!
You die...

# ## #.## # >.. ... #
#.# #..## # #...#...#
#
#.#.#.#.##############
..................†..
#.#{#..#####.......[
#..@)...............
###.##(.####........
#.###.# #........ #.#
#.# #........ #.#
#.#####.......
#.###...+ +.....##
##.......###.....##
..........#.#.# #.##
#######.#.#.#(# #...


There were no monsters in sight!

Vanquished Creatures
  3 orc priests
  2 orc wizards (D:3)
  A worker ant (D:4)
  4 gnolls (D:3)
  9 adders
  3 oozes
  An adder skeleton (D:2)
  A worm (D:3)
  2 dart slugs
  2 leopard geckos (D:1)
  10 orcs
  15 bats
  6 giant cockroaches
  12 goblins
  6 hobgoblins
  8 jackals
  7 kobolds
  2 quokkas
  2 ball pythons
  3 frilled lizards (D:1)
  8 rats
107 creatures vanquished.

Notes
Turn   | Place    | Note
-------+----------+-------------------------------------------
     0 | D:1      | Peloso the Minotaur Fighter began the quest for the Orb.
     0 | D:1      | Reached XP level 1. HP: 19/19 MP: 0/0
    99 | D:1      | Reached XP level 2. HP: 27/27 MP: 1/1
   494 | D:1      | Reached XP level 3. HP: 32/33 MP: 2/2
  1220 | D:2      | Reached XP level 4. HP: 41/41 MP: 3/3
  1878 | D:2      | Reached skill level 1 in Dodging
  1878 | D:2      | Reached XP level 5. HP: 46/47 MP: 4/4
  2077 | D:3      | Reached skill level 5 in Fighting
  2189 | D:3      | Found a hide-covered altar of Uskayaw.
  2192 | D:3      | Noticed a +0 dagger
  2192 | D:3      | Noticed a +0 hand axe
  2205 | D:3      | Reached XP level 6. HP: 34/56 MP: 5/5
  2689 | D:3      | Found a shadowy altar of Dithmenos.
  2694 | D:3      | Found a blossoming altar of Fedhas.
  2694 | D:3      | Found a hazy altar of Hepliaklqana.
  2900 | D:4      | Reached skill level 5 in Shields
  2955 | D:4      | Reached skill level 1 in Stealth
  2957 | D:4      | Gained mutation: You are clumsy. (Dex -2) [potion of
                  | mutation]
  2957 | D:4      | Lost mutation: You are clumsy. (Dex -2) [potion of
                  | mutation]
  2960 | D:4      | Killed from afar by an orc wizard

Skill      XL: |  1  2  3  4  5  6 |
---------------+-------------------+-----
Fighting       | 4 5 |  5.4
Shields        | 4 5 |  5.0
Long Blades    | 3 4 |  4.9
Armour         | 4 |  4.7
Dodging        | 1 |  1.8
Stealth        | 1 |  1.3

Action                   |  1- 3 |  4- 6 || total
-------------------------+-------+-------++-------
Melee: Long sword        |    98 |   147 ||   245
       Headbutt          |    15 |    23 ||    38
  Use: Potion            |       |     4 ||     4
  Eat: Chunk             |     1 |     5 ||     6
Armor: Scale mail        |    60 |    78 ||   138
Dodge: Dodged            |    54 |    80 ||   134
Block: Shield            |    56 |   113 ||   169
       Rpst.: Long sword |    16 |    20 ||    36
